 Dungeon Crawl Stone Soup version 0.31-a0-1278-g11c5b68f87 (webtiles) character file.

Game seed: 12015670430800894380

118 voltaire321 the Digger (level 4, 0/25 HPs)
             Began as a Deep Elf Earth Elementalist on Dec 18, 2023.
             Slain by a gnoll
             ... wielding a +0 spear
              (4 damage)
             ... on level 2 of the Dungeon.
             The game lasted 00:03:54 (1438 turns).

voltaire321 the Digger (DEEE)                       Turns: 1438, Time: 00:03:55

Health: 0/25       AC:  4    Str:  7    XL:     4   Next: 72%
Magic:  11/11      EV: 17    Int: 20    God:
Gold:   104        SH:  0    Dex: 15    Spells: 4/10 levels left

rFire   . . .        o - +3 long sword (elec)
rCold   . . .        (no shield)
rNeg    . . .        i - +1 leather armour {rPois}
rPois   +            (no helmet)
rElec   .            (no cloak)
rCorr   .            (no gloves)
SInv    .            (no boots)
Will    .....        (no amulet)
Stlth   ++           j - +5 ring of evasion
HPRegen 0.24/turn    (no ring)
MPRegen 0.12/turn

%: no passive effects
@: no status effects
A: no striking features
a: no special abilities


You were on level 2 of the Dungeon.
You visited 1 branch of the dungeon, and saw 2 of its levels.

You collected 104 gold pieces.

Inventory:

Hand Weapons
 k - a +1 short sword of venom
 o - a +3 long sword of electrocution (weapon)
Armour
 i - a +1 leather armour of poison resistance (worn)
Jewellery
 j - a +5 ring of evasion (left hand)
 m - a +6 ring of dexterity
 n - an amulet of faith
Scrolls
 d - a scroll of identify {unknown}
 e - 2 scrolls of vulnerability {unknown}
 l - a scroll of noise {unknown}
Potions
 a - a potion of haste {unknown}
 b - a potion of magic
 c - a potion of might {unknown}
 f - a potion of curing {unknown}
 g - a potion of invisibility {unknown}
 h - a potion of mutation {unknown}
 p - a potion of attraction {unknown}


   Skills:
 + Level 1.2 Fighting
 + Level 1.1 Armour
 + Level 3.2 Dodging
 - Level 2.4 Stealth
 + Level 3.8 Spellcasting
 + Level 1.1 Conjurations
 - Level 2.0 Transmutations
 + Level 3.8 Earth Magic


You had 4 spell levels left.
You knew the following spells:

 Your Spells              Type           Power      Damage    Failure   Level
a - Sandblast             Erth           38%        2d10      4%          1
b - Passwall              Tmut/Erth      12%        N/A       9%          2
c - Stone Arrow           Conj/Erth      26%        3d8       21%         3

Your spell library contained the following spells:

 Spells                   Type           Power      Damage    Failure   Level
 Petrify                  Tmut/Erth      15%        N/A       50%         4
 Brom's Barrelling Bould  Conj/Erth      13%        2d4       56%         4


Dungeon Overview and Level Annotations

Branches:
Dungeon (2/15)

Altars:
Elyvilon


Message History

Press: ? - help, Q - select action, (/) - cycle Shift-Dir - straight line, f - gnoll
Aim: a gnoll, wielding a +0 spear (84% to hit)
The blast of sand hits the gnoll.
The gnoll is heavily wounded.
Aiming: Sandblast (safe; 4% risk of failure)
Press: ? - help, Q - select action, (/) - cycle Shift-Dir - straight line, f/p - gnoll
Aim: a gnoll, wielding a +0 spear (heavily wounded, 84% to hit)
The blast of sand hits the gnoll!
You kill the gnoll!
Things that are here:
a +0 spear; a ball python corpse
There is an open door here.
A dart slug comes into view.
The helpless dart slug fails to defend itself.
You slash the dart slug!
The dart slug is severely wounded.
The dart slug barely misses you.
You hit the dart slug.
You kill the dart slug!
Found a stone staircase leading up.
A gnoll comes into view. It is wielding a +0 spear.
The gnoll shouts!
The gnoll completely misses you. The gnoll hits you with a +0 spear.
There is an open door here.
You slash the gnoll!
The gnoll is heavily wounded.
The gnoll hits you with a +0 spear. The gnoll barely misses you.
You hit the gnoll.
The gnoll is severely wounded.
The gnoll hits you with a +0 spear.
You barely miss the gnoll.
The gnoll is severely wounded.
The gnoll hits you with a +0 spear!
You closely miss the gnoll.
The gnoll is severely wounded.
The gnoll hits you with a +0 spear.
* * * LOW HITPOINT WARNING * * *
The gnoll hits you with a +0 spear.
You die...

....####...#.# #.#.#
....'......#.# #.#.#
....#####..#.# #.#.#
........#†.#.# #.#.#
.....##.####.# #.#.#
.....#.).....# #.#.#
.....#..####'#####.#.#
.....#.)###.....##.#.#
..........'.....@..#.#
....#######...)g####.#
##.......†...........#
###########.#########
#.# #.# #.# ..# ###


You could see a gnoll.

Vanquished Creatures
  7 gnolls
  2 dart slugs
  5 endoplasms
  6 giant cockroaches
  A goblin (D:1)
  5 hobgoblins (D:2)
  3 jackals (D:1)
  3 quokkas
  3 ball pythons
  4 bats (D:1)
  A frilled lizard (D:1)
  4 kobolds (D:1)
  2 rats
46 creatures vanquished.

Notes
Turn   | Place    | Note
-------+----------+-------------------------------------------
     0 | D:1      | voltaire321 the Deep Elf Earth Elementalist began the quest
                  | for the Orb.
     0 | D:1      | Reached XP level 1. HP: 10/10 MP: 6/6
   111 | D:1      | Reached XP level 2. HP: 16/16 MP: 2/8
   117 | D:1      | Learned a level 2 spell: Passwall
   424 | D:1      | Reached XP level 3. HP: 19/20 MP: 2/9
   573 | D:1      | Learned a level 3 spell: Stone Arrow
   858 | D:2      | Found a white marble altar of Elyvilon.
   969 | D:2      | Reached skill level 1 in Fighting
   972 | D:2      | Reached skill level 1 in Armour
   980 | D:2      | Reached XP level 4. HP: 20/25 MP: 7/11
  1288 | D:2      | Reached skill level 1 in Conjurations
  1438 | D:2      | Slain by a gnoll

Illustrated notes

Levels and vault maps discovered:
D:1:      erik_arrival_blinker_ship, layout_loops_ring
D:2:      layout_basic, basic_altar

Skill      XL: |  1  2  3  4 |
---------------+-------------+-----
Dodging        | 3 |  3.2
Fighting       | 1 |  1.2
Armour         | 1 |  1.1
Transmutations | 2 |  2.0
Conjurations   | 1 |  1.1
Stealth        | |  2.4
Spellcasting   | |  3.8
Earth Magic    | |  3.8

Action                     |  1- 3 |  4- 6 || total
---------------------------+-------+-------++-------
  Melee: Short sword       |    18 |     2 ||    20
         Long sword        |       |     7 ||     7
   Cast: Sandblast         |    36 |    17 ||    53
   Stab: Sleeping          |     1 |     1 ||     2
 Armour: Leather armour    |    12 |     7 ||    19
  Dodge: Dodged            |    23 |     7 ||    30

Table legend: (Time is in decaauts)
 A = Elapsed time spent in this place.
 B = Non-inter-level travel time spent in this place.
 C = Inter-level travel time spent in this place.
 D = Time resting spent in this place.
 E = Time spent auto-exploring this place.
 F = Levels seen in this place.
 G = Mean time per level.
                   A        B        C        D        E       F      G
               +--------+--------+--------+--------+--------+-----+--------+
         Total |   1464 |   1440 |     24 |     57 |   1041 |   2 |  732.0 |
       Dungeon |   1464 |   1440 |     24 |     57 |   1041 |   2 |  732.0 |
               +--------+--------+--------+--------+--------+-----+--------+

Top non-repeatable levels by time:
     D:1: 847 daAuts
     D:2: 617 daAuts
